[Event "January 9 Late 2024"]
[Site "https://www.chess.com"]
[Date "2024.01.09"]
[Round "2"]
[White "Tqebuchava, Zurab"]
[Black "Yirik, Volkan"]
[Result "1-0"]
[Board "218"]
[TimeControl "180+1"]
[WhiteFideId "13601113"]
[BlackFideId "6300782"]
[WhiteElo "2167"]
[BlackElo "2475"]
[WhiteTeam "GEO"]
[BlackTeam "TUR"]
[WhiteClock "0:01:15"]
[BlackClock "0:02:10"]

1. e4 c5 2. Nf3 d6 3. Bb5+ Bd7 4. Bxd7+ Qxd7 5. c4 Nf6 6. Nc3 e5 7. d3 h6 8. O-O Be7 9. a3 O-O 10. b4 b6 11. b5 Qe6 12. a4 Nbd7 13. a5 Qg4 14. h3 Qh5 15. Nh2 Qxd1 16. Rxd1 Bd8 17. axb6 Bxb6 18. Be3 Rfe8 19. Nf1 g5 20. Bd2 Kg7 21. Ne3 Kg6 22. Nf5 Bc7 23. Ra6 Nb8 24. Ra2 Rd8 25. Rda1 Bb6 26. Ne7+ Kg7 27. Ncd5 Nxd5 28. Nxd5 Nd7 29. Nxb6 Nxb6 30. Rxa7 Rxa7 31. Rxa7 Rb8 32. Ba5 Kg6 33. Bxb6 Rxb6 34. Ra6 1-0

[Event "January 9 Late 2024"]
[Site "https://www.chess.com"]
[Date "2024.01.09"]
[Round "2"]
[White "Vila Dupla, Aurelio"]
[Black "Grochal, Joey"]
[Result "0-1"]
[Board "219"]
[TimeControl "180+1"]
[WhiteFideId "2203383"]
[BlackFideId "1019945"]
[WhiteElo "2165"]
[BlackElo "2474"]
[WhiteTeam "ESP"]
[BlackTeam "NED"]
[WhiteClock "0:00:01"]
[BlackClock "0:00:49"]

1. Nf3 Nf6 2. d4 g6 3. g3 Bg7 4. Bg2 O-O 5. O-O d6 6. c4 Nbd7 7. Nc3 e5 8. h3 e4 9. Ng5 Nb6 10. c5 Nbd5 11. cxd6 Nxc3 12. bxc3 Re8 13. Qb3 Qd7 14. dxc7 h6 15. Nxf7 Qxf7 16. Bf4 Nd5 17. Bd6 Nb6 18. Qc2 Qd5 19. Bc5 Bd7 20. a4 Nc4 21. Rfb1 Bc6 22. Rb4 Rac8 23. Qa2 Nb6 24. Bxb6 Qxa2 25. Rxa2 axb6 26. Rxb6 Rxc7 27. a5 Bd5 28. Rab2 Kh7 29. Rd6 Bf7 30. Rdb6 Ree7 31. a6 bxa6 32. Rxa6 Rxc3 33. e3 Rc1+ 34. Kh2 Rec7 35. Rab6 R1c2 36. g4 Rxb2 37. Rxb2 Bd5 38. Kg3 g5 39. Rb5 Rd7 40. Rc5 Bf8 41. h4 Bd6+ 42. Kh3 Bxc5 0-1

[Event "January 9 Late 2024"]
[Site "https://www.chess.com"]
[Date "2024.01.09"]
[Round "2"]
[White "Pesotskiy, Mikhail"]
[Black "Feliz Dotel, Dewar Bienvenido"]
[Result "1-0"]
[Board "220"]
[TimeControl "180+1"]
[WhiteFideId "34164453"]
[BlackFideId "6402801"]
[WhiteElo "2472"]
[BlackElo "2163"]
[WhiteTeam "RUS"]
[BlackTeam "DOM"]
[WhiteClock "0:02:30"]
[BlackClock "0:00:52"]

1. d4 Nf6 2. c4 g6 3. Nc3 d5 4. Bg5 Bg7 5. Bxf6 Bxf6 6. cxd5 c5 7. dxc5 O-O 8. Nf3 Nd7 9. c6 bxc6 10. dxc6 Ne5 11. Qxd8 Rxd8 12. Nxe5 Bxe5 13. Rc1 Ba6 14. e3 Bxf1 15. Rxf1 Bxc3+ 16. Rxc3 Rac8 17. Ke2 Rd5 18. Rd1 Rb5 19. c7 Rxb2+ 20. Kf3 1-0

[Event "January 9 Late 2024"]
[Site "https://www.chess.com"]
[Date "2024.01.09"]
[Round "2"]
[White "Michalski, Olaf"]
[Black "Ladan, Nicholas"]
[Result "0-1"]
[Board "221"]
[TimeControl "180+1"]
[WhiteFideId "1106740"]
[BlackFideId "30918855"]
[WhiteElo "2152"]
[BlackElo "2471"]
[WhiteTeam "POL"]
[BlackTeam "USA"]
[WhiteClock "0:00:02"]
[BlackClock "0:00:44"]

1. d4 d5 2. c4 e6 3. Nc3 Nf6 4. Bg5 Be7 5. e3 O-O 6. Rc1 b6 7. Bxf6 Bxf6 8. cxd5 exd5 9. Nge2 c6 10. g3 Re8 11. Bg2 Bf5 12. O-O Qd7 13. Re1 Bh3 14. Bh1 a5 15. Nf4 Bg4 16. Qb3 Ra6 17. Nce2 g6 18. Rc3 a4 19. Qc2 Bf5 20. Qc1 h5 21. b4 axb3 22. axb3 c5 23. Nxd5 Bg7 24. dxc5 bxc5 25. Rxc5 Qa7 26. Nd4 Bxd4 27. exd4 Rxe1+ 28. Qxe1 Ra1 29. Rc1 Rxc1 30. Qxc1 Qxd4 31. Ne7+ Kh7 32. Nxf5 gxf5 33. Bf3 Nd7 34. Qg5 Qe5 35. Qxh5+ Kg7 36. Qg5+ Kh7 37. g4 Qe1+ 38. Kg2 Ne5 39. Qxf5+ Kg7 40. Be4 Ng6 41. g5 Nh4+ 0-1

[Event "January 9 Late 2024"]
[Site "https://www.chess.com"]
[Date "2024.01.09"]
[Round "2"]
[White "Silva Lucena, Cristian"]
[Black "Ivanov, Aleksandr"]
[Result "1-0"]
[Board "222"]
[TimeControl "180+1"]
[WhiteFideId "2232588"]
[BlackFideId "2092980"]
[WhiteElo "2471"]
[BlackElo "2149"]
[WhiteTeam "ESP"]
[BlackTeam "USA"]
[WhiteClock "0:01:14"]
[BlackClock "0:00:05"]

1. Nf3 d5 2. c4 e6 3. g3 c6 4. Bg2 dxc4 5. a4 Nf6 6. Na3 Nbd7 7. Nxc4 Be7 8. O-O O-O 9. a5 Rb8 10. d3 Nd5 11. e4 Nc7 12. Bf4 Ra8 13. h4 f6 14. Bh3 e5 15. Be3 Nc5 16. Bxc8 Qxc8 17. b4 N5e6 18. Rb1 Nb5 19. Qc2 Qd7 20. Rfd1 Rfd8 21. Kg2 Ned4 22. Nxd4 Nxd4 23. Bxd4 Qxd4 24. Rb3 Bf8 25. Rdb1 a6 26. Ne3 g6 27. Qc4+ Kg7 28. Qxd4 Rxd4 29. Kf3 Rad8 30. Ke2 R8d7 31. h5 Be7 32. f4 Bd6 33. hxg6 hxg6 34. Nc4 Bc7 35. Rh1 Rd8 36. Ke3 Bb8 37. Ke2 exf4 38. gxf4 Bxf4 39. Rh3 Rh8 40. Rxh8 Kxh8 41. Kf3 Bc7 42. Ke3 Be5 43. Nd2 Bd6 44. Nc4 Be5 45. Rb1 Kg7 46. Rh1 Rd8 47. Kd2 Bd4 48. Kc2 Rh8 49. Rxh8 Kxh8 50. Nd6 b6 51. Nf7+ Kg7 52. Nd8 bxa5 53. Ne6+ Kh6 54. Nxd4 g5 55. bxa5 g4 56. Kd2 Kg5 57. Ke3 Kh4 58. Kf4 g3 59. Nf5+ 1-0

[Event "January 9 Late 2024"]
[Site "https://www.chess.com"]
[Date "2024.01.09"]
[Round "2"]
[White "Floresvillar Gonzalez, Luis Migu"]
[Black "Fiedorek, Michal"]
[Result "0-1"]
[Board "223"]
[TimeControl "180+1"]
[WhiteFideId "5100542"]
[BlackFideId "1199528"]
[WhiteElo "2137"]
[BlackElo "2470"]
[WhiteTeam "MEX"]
[BlackTeam "POL"]
[WhiteClock "0:00:00"]
[BlackClock "0:00:12"]

1. d4 d5 2. c3 Nf6 3. Bg5 e6 4. e3 h6 5. Bh4 Be7 6. Bd3 O-O 7. Nd2 c5 8. Ngf3 c4 9. Bc2 b5 10. b3 Nc6 11. bxc4 bxc4 12. Ne5 Nxe5 13. dxe5 Nd7 14. Bxe7 Qxe7 15. f4 Qa3 16. Rc1 Qxa2 17. Bb1 Qa3 18. Qc2 g6 19. O-O Nc5 20. Qd1 Na4 21. Qg4 Kg7 22. h4 Nxc3 23. Bxg6 fxg6 24. h5 Rf7 25. Qxg6+ Kf8 26. Qxh6+ Ke8 27. Nf3 Ne2+ 28. Kh2 Qxe3 29. Ng5 Qg3+ 30. Kh1 Qh4+ 31. Nh3 Nxc1 32. Rxc1 Bd7 33. Qh8+ Rf8 34. Qh6 Ke7 35. Qg7+ Rf7 36. Qg5+ Qxg5 37. fxg5 a5 38. g6 Rf5 39. h6 Rh5 40. h7 Be8 0-1

[Event "January 9 Late 2024"]
[Site "https://www.chess.com"]
[Date "2024.01.09"]
[Round "2"]
[White "Ottosen, David"]
[Black "Nikologorsky, Matfei"]
[Result "0-1"]
[Board "224"]
[TimeControl "180+1"]
[WhiteFideId "2603080"]
[BlackFideId "24102474"]
[WhiteElo "2137"]
[BlackElo "2470"]
[WhiteTeam "CAN"]
[BlackTeam "FID"]
[WhiteClock "0:00:24"]
[BlackClock "0:00:20"]

1. e4 c5 2. Nf3 e6 3. d4 cxd4 4. Nxd4 a6 5. Bd3 Qc7 6. O-O Nf6 7. Re1 d6 8. a4 Be7 9. Be3 O-O 10. Nd2 Nbd7 11. a5 Rb8 12. c3 Nc5 13. Bc2 e5 14. Ne2 Bg4 15. f3 Bh5 16. Ng3 Bg6 17. Qe2 d5 18. Kh1 dxe4 19. Ndxe4 Ncxe4 20. Nxe4 Nxe4 21. fxe4 Rbc8 22. Bb6 Qc6 23. Ba4 Qf6 24. Bd7 Ra8 25. Rad1 Qh4 26. Bf2 Qf6 27. Rd5 Bd8 28. Red1 Bc7 29. Ba4 Rfd8 30. Rxd8+ Rxd8 31. Rxd8+ Qxd8 32. b4 h6 33. h3 Qd6 34. Bc5 Qd8 35. Bc2 Kh7 36. Qd3 Qxd3 37. Bxd3 f6 38. Kg1 Be8 39. Kf2 Kg6 40. Ke3 Kg5 41. g3 h5 42. Kf3 Bd7 43. Be3+ Kg6 44. h4 Bg4+ 45. Kf2 Be6 46. c4 Kf7 47. c5 g6 48. Be2 Ke7 49. Kg2 Kd7 50. Kf2 Kc6 51. Ke1 Bd8 52. Kd2 Be7 53. Kc3 f5 54. Bf3 Kc7 55. exf5 Bxf5 56. Bg5 Bxg5 57. hxg5 Kc8 58. Kc4 Be6+ 59. Kd3 Kc7 60. Ke4 Kd7 61. Ke3 Kc7 62. Ke4 Bf5+ 63. Ke3 Bc2 64. Be4 Bd1 65. Bxg6 Kc6 66. Be4+ Kb5 67. g6 Bb3 68. g7 Kxb4 69. Bh7 Kxc5 70. g8=Q Bxg8 71. Bxg8 Kb5 72. Bf7 Kxa5 73. Bxh5 Kb6 74. Bf7 Kc7 75. g4 Kd6 76. Ke4 Ke7 77. Bd5 Kf6 78. Bxb7 a5 79. Bc6 Kg5 80. Kf3 Kf6 81. Be4 a4 82. Bb1 a3 83. Kg3 Kg5 84. Ba2 e4 85. Bb1 e3 86. Kf3 e2 87. Kxe2 Kxg4 88. Kd3 a2 89. Kc3 axb1=Q 0-1

[Event "January 9 Late 2024"]
[Site "https://www.chess.com"]
[Date "2024.01.09"]
[Round "2"]
[White "Peczely, Sebastian Zsombor"]
[Black "Petersson, Kjell"]
[Result "1-0"]
[Board "225"]
[TimeControl "180+1"]
[WhiteFideId "750964"]
[BlackFideId "1705148"]
[WhiteElo "2470"]
[BlackElo "2134"]
[WhiteTeam "HUN"]
[BlackTeam "SWE"]
[WhiteClock "0:00:56"]
[BlackClock "0:00:38"]

1. e4 c5 2. d4 cxd4 3. Qxd4 Nc6 4. Qd3 g6 5. Nc3 Bg7 6. Nf3 d6 7. Be2 Nf6 8. O-O O-O 9. h3 Na5 10. b4 Nc6 11. Rb1 Bd7 12. Be3 b6 13. Rfd1 Rc8 14. b5 Na5 15. Bd4 Nc4 16. Rb4 Na5 17. e5 dxe5 18. Nxe5 Be6 19. Bf3 Qc7 20. Nc6 Nxc6 21. bxc6 Rfd8 22. Nb5 Qb8 23. c7 Rxc7 24. Nxc7 Qxc7 25. Bxb6 Rxd3 26. Bxc7 Rxd1+ 27. Bxd1 Nd7 28. Ra4 h5 29. Rxa7 Bd4 30. Ra8+ Kg7 31. a4 Bd5 32. Rd8 Bc6 33. a5 Ba7 34. Bf3 Nc5 35. Bxc6 1-0

[Event "January 9 Late 2024"]
[Site "https://www.chess.com"]
[Date "2024.01.09"]
[Round "2"]
[White "Bellissimo, Joseph F."]
[Black "Aung Thant Zin"]
[Result "1-0"]
[Board "226"]
[TimeControl "180+1"]
[WhiteFideId "2609843"]
[BlackFideId "13000063"]
[WhiteElo "2469"]
[BlackElo "2132"]
[WhiteTeam "CAN"]
[BlackTeam "MYA"]
[WhiteClock "0:00:34"]
[BlackClock "0:00:00"]

1. e4 c5 2. Nf3 Nc6 3. c3 Nf6 4. e5 Nd5 5. d4 cxd4 6. cxd4 d6 7. Bc4 e6 8. O-O Be7 9. Qe2 O-O 10. Rd1 b6 11. Nc3 Nxc3 12. bxc3 dxe5 13. dxe5 Qc7 14. Bd3 Bb7 15. Bg5 Rfd8 16. Bxe7 Qxe7 17. h4 h6 18. Qe4 g6 19. h5 Na5 20. Qg4 Bxf3 21. Qxf3 Kg7 22. hxg6 fxg6 23. Qg4 Qf7 24. g3 Rac8 25. Kg2 Nc6 26. f4 Ne7 27. Be4 Nf5 28. Qe2 Rxd1 29. Rxd1 Rxc3 30. Rd8 Rxg3+ 31. Kf2 Re3 32. Qc2 Rh3 33. Kg1 Nh4 34. Qc8 Rg3+ 35. Kh2 g5 36. Rd7 1-0

[Event "January 9 Late 2024"]
[Site "https://www.chess.com"]
[Date "2024.01.09"]
[Round "2"]
[White "Harrington, Steve"]
[Black "Shohat, Yotam"]
[Result "0-1"]
[Board "227"]
[TimeControl "180+1"]
[WhiteFideId "2038730"]
[BlackFideId "2813955"]
[WhiteElo "2132"]
[BlackElo "2469"]
[WhiteTeam "USA"]
[BlackTeam "ISR"]
[WhiteClock "0:00:00"]
[BlackClock "0:00:24"]

1. e4 e5 2. d4 exd4 3. Nf3 Nc6 4. Nxd4 Bc5 5. Be3 Qf6 6. Nb5 Bxe3 7. fxe3 Qh4+ 8. g3 Qxe4 9. Nxc7+ Kd8 10. Nxa8 Qxh1 11. Nc3 Nf6 12. Qd6 Qf3 13. Be2 Qxe3 14. Rd1 Qg1+ 15. Bf1 Re8+ 16. Ne2 Qe3 17. Rd3 Qe6 18. Qf4 Qe5 19. Qf3 Qe4 20. Qf2 Nb4 21. Rc3 Nxc2+ 22. Kd2 Nb4 23. Qxa7 Nfd5 24. Qa5+ Ke7 25. Nc7 b6 26. Qb5 Nxc3 27. bxc3 Qc2+ 28. Ke1 Nd3+ 29. Qxd3 Qxd3 30. Nxe8 Kxe8 31. Kf2 Ba6 0-1

[Event "January 9 Late 2024"]
[Site "https://www.chess.com"]
[Date "2024.01.09"]
[Round "2"]
[White "Spichkin, Alexander"]
[Black "Antunes, Luciano Justi"]
[Result "1-0"]
[Board "228"]
[TimeControl "180+1"]
[WhiteFideId "4144074"]
[BlackFideId "2126893"]
[WhiteElo "2468"]
[BlackElo "2110"]
[WhiteTeam "RUS"]
[BlackTeam "BRA"]
[WhiteClock "0:01:09"]
[BlackClock "0:00:17"]

1. f4 d5 2. Nf3 Nf6 3. e3 Bg4 4. h3 Bxf3 5. Qxf3 e6 6. b3 c6 7. Bb2 Nbd7 8. d4 Ne4 9. g3 f5 10. Nd2 Ndf6 11. Bd3 Bb4 12. Bxe4 Bxd2+ 13. Kxd2 Nxe4+ 14. Ke2 Qa5 15. Rhd1 O-O-O 16. Rd3 Kb8 17. c3 g5 18. fxg5 Qc7 19. Qf4 Nxg3+ 20. Kf3 Ne4 21. h4 h6 22. g6 h5 23. Rg1 Rdg8 24. Ba3 Qxf4+ 25. Kxf4 Rg7 26. Ke5 Re8 27. Bd6+ Kc8 28. Kf4 Reg8 29. Rdd1 Rxg6 30. Rxg6 Rxg6 31. Be7 Rg4+ 32. Ke5 Kd7 33. Bg5 Nxg5 34. hxg5 Rxg5 35. Rh1 Ke7 36. Kf4 Rg4+ 37. Kf3 h4 38. c4 Kf6 39. a4 Kg5 40. a5 a6 41. b4 dxc4 42. Rc1 Rg3+ 43. Kf2 Kg4 44. Rxc4 Rf3+ 45. Ke2 Rh3 46. d5+ Kg5 47. dxc6 bxc6 48. Rxc6 Rh2+ 49. Kd3 Rb2 50. Kc3 Rb1 51. Rxa6 h3 52. Ra8 h2 53. Rh8 h1=Q 54. Rxh1 Rxh1 55. a6 e5 56. b5 f4 57. b6 Rb1 58. a7 f3 59. a8=Q f2 60. Qg8+ Kh4 61. Qh7+ Kg3 62. Qxb1 1-0

[Event "January 9 Late 2024"]
[Site "https://www.chess.com"]
[Date "2024.01.09"]
[Round "2"]
[White "Van Baar, Esper"]
[Black "Suich, Peter D"]
[Result "0-1"]
[Board "229"]
[TimeControl "180+1"]
[WhiteFideId "1049321"]
[BlackFideId "2050366"]
[WhiteElo "2106"]
[BlackElo "2468"]
[WhiteTeam "NED"]
[BlackTeam "USA"]
[WhiteClock "0:00:00"]
[BlackClock "0:00:16"]

1. d4 d5 2. Bf4 Nf6 3. Nf3 c5 4. c3 Nc6 5. e3 Bg4 6. Nbd2 e6 7. Qb3 Qb6 8. Ne5 Nxe5 9. Bxe5 Nd7 10. Bg3 a6 11. Qxb6 Nxb6 12. Bd3 Na4 13. Rb1 b5 14. Bc2 c4 15. f3 Bh5 16. a3 Bg6 17. e4 Kd7 18. Kf2 Be7 19. Rhe1 Ra7 20. f4 h5 21. f5 Bh7 22. h4 Rb7 23. exd5 exd5 24. Nf3 f6 25. Bf4 a5 26. Ng1 Bxa3 27. bxa3 Nxc3 28. Rbc1 b4 29. axb4 axb4 30. Bd2 Na2 31. Ra1 b3 32. Bb1 Ra8 33. Bxa2 bxa2 34. Bc3 Bxf5 35. Re2 Bb1 36. Nf3 Rb3 37. Be1 c3 38. Re3 c2 39. Bd2 Rb4 40. Bc1 Rc4 41. Nd2 Rxd4 42. Ke2 Re8 43. Nb3 Rd1 44. Rxe8 Kxe8 45. Nd2 Rxc1 0-1

[Event "January 9 Late 2024"]
[Site "https://www.chess.com"]
[Date "2024.01.09"]
[Round "2"]
[White "Gavrilov, Maxim"]
[Black "Curtis, John"]
[Result "1/2-1/2"]
[Board "230"]
[TimeControl "180+1"]
[WhiteFideId "24271454"]
[BlackFideId "3200256"]
[WhiteElo "2467"]
[BlackElo "2106"]
[WhiteTeam "RUS"]
[BlackTeam "AUS"]
[WhiteClock "0:00:05"]
[BlackClock "0:00:24"]

1. d4 Nf6 2. c4 e6 3. Nf3 b6 4. g3 Bb7 5. Bg2 Bb4+ 6. Bd2 Be7 7. O-O Ne4 8. Nc3 Nxd2 9. Qxd2 Bb4 10. e4 Bxe4 11. Rfe1 Bb7 12. a3 Bxc3 13. Qxc3 O-O 14. h4 h6 15. Rad1 Qf6 16. b4 a5 17. b5 d6 18. Nd2 Bxg2 19. Kxg2 Nd7 20. Ne4 Qe7 21. Rh1 f5 22. Nd2 Qf6 23. Rhe1 Rae8 24. Nf3 Re7 25. Re2 Rfe8 26. Rde1 e5 27. dxe5 Nxe5 28. Nd4 f4 29. Nf3 Nxf3 30. Qxf3 Rxe2 31. Rxe2 Rxe2 32. Qxe2 fxg3 33. fxg3 Qe5 34. Qf3 Kh7 35. Qd3+ g6 36. Qf3 Qe7 37. Qc6 h5 38. Qf3 Kg7 39. Qd3 Qe5 40. Qf3 Qd4 41. Qc6 Qc5 42. Qe4 Qf5 43. Qe7+ Qf7 44. Qe4 Kf6 45. g4 hxg4 46. Kg3 Qe6 47. Qc6 Kf5 48. Qxc7 Qe3+ 49. Kg2 Qh3+ 50. Kg1 Qg3+ 51. Kf1 Ke4 52. Qe7+ Kd4 53. Qf6+ Kxc4 54. Qxg6 Qf3+ 55. Kg1 g3 56. Qc2+ Kxb5 57. Qb2+ Ka4 58. h5 Qxh5 59. Qc2+ Kxa3 60. Qc3+ Ka4 61. Qc4+ Ka3 62. Qc3+ Ka2 63. Qc2+ Ka3 64. Qc3+ 1/2-1/2

[Event "January 9 Late 2024"]
[Site "https://www.chess.com"]
[Date "2024.01.09"]
[Round "2"]
[White "Ghosh, Chanchal Kumer"]
[Black "Reprintsev, Alexander"]
[Result "0-1"]
[Board "231"]
[TimeControl "180+1"]
[WhiteFideId "10201858"]
[BlackFideId "14100541"]
[WhiteElo "2105"]
[BlackElo "2464"]
[WhiteTeam "BAN"]
[BlackTeam "UKR"]
[WhiteClock "0:00:00"]
[BlackClock "0:01:13"]

1. e4 d5 2. exd5 Qxd5 3. Nc3 Qa5 4. d4 Nf6 5. Bc4 Nc6 6. h3 Be6 7. Bxe6 fxe6 8. Nf3 O-O-O 9. Bd2 Qa6 10. Ne2 e5 11. dxe5 Ne4 12. O-O Nxe5 13. Ned4 Nxd2 14. Qxd2 Nxf3+ 15. gxf3 e5 16. c3 exd4 17. cxd4 Bd6 18. Rac1 Rhf8 19. Rfe1 Rxf3 20. Qg5 Rf6 21. Kh1 Rxf2 22. Qg4+ Kb8 23. Re4 Rh2+ 24. Kg1 Rxb2 25. Rce1 Qc6 26. Qf3 a6 27. d5 Bc5+ 28. Kh1 Qd6 29. Re5 Rxa2 30. R1e2 Rxe2 31. Qxe2 Qh6 32. Kg2 Rd6 33. Re8+ Ka7 34. Re5 Rg6+ 35. Kh2 Qf4+ 0-1

[Event "January 9 Late 2024"]
[Site "https://www.chess.com"]
[Date "2024.01.09"]
[Round "2"]
[White "Balla, Tamas-Kristof"]
[Black "Yushko, Olga"]
[Result "0-1"]
[Board "232"]
[TimeControl "180+1"]
[WhiteFideId "1208497"]
[BlackFideId "14114500"]
[WhiteElo "2463"]
[BlackElo "2103"]
[WhiteTeam "ROU"]
[BlackTeam "UKR"]
[WhiteClock "0:00:33"]
[BlackClock "0:00:46"]

1. e4 e6 2. d4 d5 3. Nd2 Nf6 4. e5 Nfd7 5. Bd3 c5 6. c3 Nc6 7. Ne2 Qb6 8. Nf3 cxd4 9. cxd4 Be7 10. O-O O-O 11. Bg5 h6 12. Bxe7 Nxe7 13. Rc1 f6 14. Bb1 Qxb2 15. Qd3 f5 16. Nc3 Re8 17. Nb5 Nb6 18. Nc7 Bd7 19. Nxa8 Bb5 20. Qd1 Bxf1 21. Nc7 Be2 22. Qc2 Qxc2 23. Bxc2 Rc8 24. Nxe6 Bxf3 25. gxf3 Rc3 26. Kf1 Nc6 27. Ke2 Kf7 28. Nf4 Nxd4+ 29. Kd2 Rxf3 30. Nd3 Nc4+ 31. Kc3 Ne2+ 32. Kb4 Nxc1 33. Nxc1 a5+ 34. Kc5 Rxf2 35. Bb3 Nxe5 36. Kxd5 Ng4 37. Kd6+ Kf6 38. Nd3 Rd2 39. Bc4 Ne5 0-1

[Event "January 9 Late 2024"]
[Site "https://www.chess.com"]
[Date "2024.01.09"]
[Round "2"]
[White "Ezat, Mohamed"]
[Black "Powell, Paul"]
[Result "1-0"]
[Board "233"]
[TimeControl "180+1"]
[WhiteFideId "10600906"]
[BlackFideId "2005840"]
[WhiteElo "2458"]
[BlackElo "2059"]
[WhiteTeam "EGY"]
[BlackTeam "USA"]
[WhiteClock "0:01:04"]
[BlackClock "0:00:08"]

1. d4 Nf6 2. c4 e5 3. dxe5 Ne4 4. Nf3 Bb4+ 5. Nbd2 Nc6 6. g3 O-O 7. Bg2 Re8 8. O-O Nxd2 9. Bxd2 Bxd2 10. Qxd2 Nxe5 11. Nxe5 Rxe5 12. Rac1 Qe7 13. e4 d6 14. f4 Re6 15. b4 a5 16. bxa5 f5 17. exf5 Re2 18. Rfe1 Rxd2 19. Rxe7 Bxf5 20. Bxb7 Rb8 21. a6 Rxa2 22. Rxc7 h5 23. Re1 h4 24. gxh4 Kh8 25. Ree7 Rf8 26. Rxg7 Re8 27. Rce7 Rf8 28. Rg5 Bd3 29. Rh5+ 1-0

[Event "January 9 Late 2024"]
[Site "https://www.chess.com"]
[Date "2024.01.09"]
[Round "2"]
[White "Keuchel, Destynn"]
[Black "Toktomushev, Teimur"]
[Result "1-0"]
[Board "234"]
[TimeControl "180+1"]
[WhiteFideId "30923018"]
[BlackFideId "14176726"]
[WhiteElo "2058"]
[BlackElo "2457"]
[WhiteTeam "USA"]
[BlackTeam "UKR"]
[WhiteClock "0:01:14"]
[BlackClock "0:00:04"]

1. e4 c5 2. c3 d5 3. exd5 Qxd5 4. Na3 Nf6 5. Nf3 e6 6. Bc4 Qd8 7. O-O a6 8. Nc2 b5 9. Be2 Bb7 10. d4 Nc6 11. Bg5 h6 12. Bh4 Be7 13. dxc5 Bxc5 14. Qxd8+ Rxd8 15. Rad1 g5 16. Bg3 Ne4 17. Rfe1 O-O 18. Bd3 Nxg3 19. hxg3 Kg7 20. Be4 Bb6 21. Nb4 Nxb4 22. Bxb7 Nd5 23. Bxd5 exd5 24. Ne5 Rd6 25. Nf3 Rfd8 26. Nd4 Bxd4 27. Rxd4 Re6 28. Red1 a5 29. Kf1 a4 30. Rxd5 Rb8 31. a3 Rc6 32. Re5 Rcb6 33. Rdd5 Kf6 34. f4 gxf4 35. gxf4 Kg6 36. Re7 Re6 37. Rxe6+ fxe6 38. Re5 Kf6 39. Ke2 Rg8 40. Kf3 Rb8 41. g4 Rb6 42. Ke4 Rb7 43. Kd4 Rg7 44. g5+ hxg5 45. fxg5+ Rxg5 46. Rxg5 Kxg5 47. Ke5 Kg4 48. Kxe6 Kf4 49. Kd5 Ke3 50. Kc5 Kd3 51. Kxb5 Kc2 52. Kb4 Kxb2 53. c4 Ka2 54. c5 Kb2 55. c6 1-0

[Event "January 9 Late 2024"]
[Site "https://www.chess.com"]
[Date "2024.01.09"]
[Round "2"]
[White "Gomes, Luiz Alexandre de Souza"]
[Black "Panico, Nick"]
[Result "1/2-1/2"]
[Board "235"]
[TimeControl "180+1"]
[WhiteFideId "2102790"]
[BlackFideId "2026724"]
[WhiteElo "2453"]
[BlackElo "2034"]
[WhiteTeam "BRA"]
[BlackTeam "USA"]
[WhiteClock "0:01:36"]
[BlackClock "0:00:37"]

1. e4 e6 2. d3 d5 3. Nd2 g6 4. Ngf3 Bg7 5. c3 Ne7 6. g3 O-O 7. Bg2 c5 8. O-O Nbc6 9. Qc2 b6 10. Re1 a5 11. Nf1 Ba6 12. h4 dxe4 13. dxe4 Qd3 14. Qxd3 Bxd3 15. Bf4 e5 16. Bd2 Rfd8 17. Bg5 h6 18. Bxe7 Nxe7 19. N3d2 h5 20. Ne3 Bh6 21. Ndc4 Bxe3 22. Nxe3 c4 23. b3 b5 24. bxc4 bxc4 25. Nd5 Nxd5 26. exd5 f6 27. f4 e4 28. Bxe4 Bxe4 29. Rxe4 Rxd5 30. Rxc4 Rd3 31. Kg2 Re8 32. Rf1 Re2+ 33. Rf2 Rdd2 34. Rxe2 Rxe2+ 35. Kf3 Rxa2 36. Rc7 a4 37. Ra7 Rc2 38. Rxa4 Rxc3+ 39. Kg2 Rc7 40. Ra6 Kg7 41. Rd6 Kf7 42. Ra6 Re7 43. Kf3 Kg7 44. f5 Re5 45. fxg6 Kxg6 46. Ra8 Rc5 47. Rg8+ Kh6 48. Kf4 Kh7 49. Ra8 Kg6 50. Ra4 Rb5 51. Rc4 Rf5+ 52. Ke3 Ra5 53. Kf3 Ra3+ 54. Kg2 Ra2+ 55. Kh3 Ra3 56. Rc8 Kg7 57. Rc5 Kg6 58. Rb5 Rc3 59. Rd5 Kg7 60. Rxh5 Kg6 61. Rb5 Ra3 62. Kg4 Ra4+ 63. Kf3 Ra3+ 64. Kg2 Ra2+ 65. Kh3 Ra3 66. Rb8 Kg7 67. Rb5 Kg6 1/2-1/2

[Event "January 9 Late 2024"]
[Site "https://www.chess.com"]
[Date "2024.01.09"]
[Round "2"]
[White "Plotnikov, Pavel"]
[Black "Fareh, Youness"]
[Result "1-0"]
[Board "236"]
[TimeControl "180+1"]
[WhiteFideId "4170342"]
[BlackFideId "9000526"]
[WhiteElo "2453"]
[BlackElo "2026"]
[WhiteTeam "RUS"]
[BlackTeam "MAR"]
[WhiteClock "0:00:49"]
[BlackClock "0:00:16"]

1. e4 c5 2. c3 Nc6 3. d4 cxd4 4. cxd4 d5 5. Nc3 e6 6. e5 Qb6 7. Nf3 Nge7 8. Bd3 g6 9. O-O Bg7 10. Na4 Qc7 11. a3 O-O 12. b4 a6 13. Bb2 Bd7 14. Rc1 Rac8 15. Nc5 Be8 16. Re1 Qb8 17. Qd2 Na7 18. a4 f5 19. Nxe6 Rf7 20. Rxc8 Naxc8 21. Nfg5 Bh6 22. f4 Bxg5 23. Nxg5 Rg7 24. Rc1 Bd7 25. b5 axb5 26. axb5 h6 27. Nf3 Nb6 28. Ba3 Qa7 29. Bc5 Nec8 30. Qc3 Na4 31. Bxa7 Nxc3 32. Rxc3 Nxa7 33. Rc5 Be6 34. b6 Nc6 35. Bb5 Nb4 36. Nd2 Kf8 37. Nb3 g5 38. fxg5 hxg5 39. Na5 f4 40. Rc7 Rxc7 41. bxc7 Bc8 42. Kf2 Nc2 43. Nb3 Ke7 44. g3 fxg3+ 45. hxg3 g4 46. Ke2 Ke6 47. Kd2 Nb4 48. Ke3 Nc2+ 49. Kf4 Na3 50. Be8 Nc2 51. Bg6 Ke7 52. Bxc2 Kd7 53. Bf5+ Kxc7 54. Bxc8 Kxc8 55. Kxg4 b5 56. Kf5 Kc7 57. g4 Kb6 58. g5 b4 59. g6 Kb5 60. g7 Kc4 61. Nc5 b3 62. Nxb3 Kxb3 63. g8=Q Kc4 64. e6 Kxd4 65. e7 Ke3 66. e8=Q+ Kf3 67. Qg4+ Kf2 68. Qee2# 1-0

[Event "January 9 Late 2024"]
[Site "https://www.chess.com"]
[Date "2024.01.09"]
[Round "2"]
[White "Reinecke, Katharina"]
[Black "Morales Garcia, Sergio Joshafatt"]
[Result "0-1"]
[Board "237"]
[TimeControl "180+1"]
[WhiteFideId "12929727"]
[BlackFideId "5106249"]
[WhiteElo "2025"]
[BlackElo "2453"]
[WhiteTeam "GER"]
[BlackTeam "MEX"]
[WhiteClock "0:00:34"]
[BlackClock "0:01:02"]

1. d4 d5 2. c4 c6 3. Nf3 Nf6 4. g3 Bf5 5. Bg2 e6 6. O-O h6 7. Nc3 Nbd7 8. b3 Be7 9. Bb2 O-O 10. Nd2 Qc7 11. e4 dxe4 12. Ndxe4 Rad8 13. Qe2 c5 14. dxc5 Nxc5 15. Nxc5 Bxc5 16. Nb5 Qe7 17. Bxf6 Qxf6 18. Bxb7 Bd3 19. Qg4 Bxf1 20. Rxf1 Rd2 21. Qf4 Qxf4 22. gxf4 Rxa2 23. Kg2 Rd8 24. Kg3 Rd3+ 25. f3 Rxb3 26. Rd1 g6 27. Bc6 Rbb2 28. f5 g5 29. Rh1 Rg2+ 30. Kh3 exf5 31. Bd7 a6 32. Nc3 Rac2 33. Nd5 Bd6 34. Bxf5 Rxh2+ 35. Rxh2 Rxh2+ 36. Kg4 Kg7 37. Bd3 a5 38. Nb6 Kf6 39. Na4 Ke5 40. c5 Bc7 41. Bf5 Rh4+ 42. Kg3 Kxf5+ 0-1

[Event "January 9 Late 2024"]
[Site "https://www.chess.com"]
[Date "2024.01.09"]
[Round "2"]
[White "Li, Tedric"]
[Black "Bongo Akanga Ndjila, Barthelemy"]
[Result "1-0"]
[Board "238"]
[TimeControl "180+1"]
[WhiteFideId "3242897"]
[BlackFideId "10609431"]
[WhiteElo "2453"]
[BlackElo "2022"]
[WhiteTeam "AUS"]
[BlackTeam "GAB"]
[WhiteClock "0:01:29"]
[BlackClock "0:00:50"]

1. d4 d5 2. c4 e6 3. Nc3 Nf6 4. cxd5 exd5 5. Bg5 c6 6. Qc2 Be7 7. e3 O-O 8. Bd3 h6 9. Bh4 Ne8 10. Bxe7 Qxe7 11. Nge2 Nd6 12. O-O f5 13. b4 b5 14. a4 bxa4 15. Nxa4 Ne4 16. Nc5 Nd7 17. Nc3 Ndf6 18. Bxe4 fxe4 19. b5 cxb5 20. Nxb5 Ng4 21. h3 Nxf2 22. Rxf2 Bxh3 23. Raf1 Bg4 24. Rxf8+ Rxf8 25. Rxf8+ Qxf8 26. Qf2 Qe7 27. Nc3 Qd8 28. Qf4 Bh5 29. Qe5 Bf7 30. Ne6 Qa5 31. Qxg7# 1-0